 Dungeon Sprint DCSS version 0.17-a0-2115-g0d8b93e (webtiles) character file.

135 Ordine the Gusty (level 5, -6/31 HPs)
             Began as an Octopode Air Elementalist on Oct 20, 2015.
             Was an Initiate of Vehumet.
             Mangled by an orc warrior
             ... wielding a +0 flail
              (14 damage)
             ... in the Dungeon (Sprint IX: "|||||||||||||||||||||||||||||").
             The game lasted 00:02:18 (661 turns).

Ordine the Gusty (Octopode Air Elementalist)         Turns: 661, Time: 00:02:18

Health: -6/31      AC:  1    Str:  7    XL:     5   Next: 18%
Magic:  2/8        EV: 12    Int: 21    God:    Vehumet [......]
Gold:   0          SH:  0    Dex: 16    Spells: 1 memorised, 7 levels left

rFire  . . .     SeeInvis .     l - staff of energy
rCold  . . .     Clarity  .     (no shield)
rNeg   . . .     SustAt   .     (helmet restricted)
rPois  .         Gourm    .     (no amulet)
rElec  .         Spirit   .     m - +3 ring of intelligence
rCorr  .         Warding  .     n - +3 ring of dexterity
rMut   .         NoTele   +     (no ring)
MR     .....                    (no ring)
Stlth  +++.......               (no ring)
                                (no ring)
                                (no ring)
                                (no ring)

@: not resistant to hostile enchantments, fairly stealthy
A: almost no armour, amphibious, 8 rings, constrict 8, camouflage 1, gelatinous
body 1
a: Renounce Religion


You were in the Dungeon.
You worshipped Vehumet.
Vehumet was noncommittal.
You were not hungry.

You visited 1 branch

Inventory:

Magical Staves
 l - an uncursed staff of energy (weapon)
Jewellery
 m - a +3 ring of intelligence (left tentacle)
 n - a +3 ring of dexterity (right tentacle)
Wands
 k - a wand of fire (7)
Scrolls
 h - 2 scrolls of blinking
 i - 3 scrolls of remove curse
 j - 2 scrolls of amnesia
Potions
 c - 5 potions of curing
 d - 3 potions of heal wounds
 e - a potion of haste
 f - 3 potions of magic
 g - a potion of invisibility
Books
 a - a book of Air

   Spells                             Type                      Level
   a - Shock                          Conjuration/Air              1
   b - Swiftness                      Charms/Air                   2
   c - Repel Missiles                 Charms/Air                   2
   d - Static Discharge               Conjuration/Air              3
   e - Lightning Bolt                 Conjuration/Air              5
Comestibles
 b - a bread ration


   Skills:
 - Level 2.0 Dodging
 - Level 2.6 Stealth
 - Level 2.0 Spellcasting
 + Level 6.9 Conjurations
 + Level 7.7 Air Magic


You had 7 spell levels left.
You knew the following spells:

 Your Spells              Type           Power        Failure   Level  Hunger
a - Shock                 Conj/Air       ####         1%          1    None


Dungeon Overview and Level Annotations

Branches:
Dungeon (1/1)

Altars:
Cheibriados
Dithmenos
Elyvilon
Fedhas
Gozag
Kikubaaqudgha
Makhleb
Nemelex Xobeh
Okawaru
Qazlal
Ru
Sif Muna
Trog
Vehumet
Xom
Yredelemnul
Zin
The Shining One
Beogh
Jiyva
Lugonu


Innate Abilities, Weirdness & Mutations

You cannot wear most types of armour.
You are amphibious.
You can wear up to eight rings at the same time.
You can use your tentacles to constrict eight enemies at once.
Your skin changes colour to match your surroundings (Stealth).
Your rubbery body absorbs attacks (AC +1).


Message History

Unknown command.
Unknown command.
Unknown command.
Unknown command.
Unknown command.
Casting: Shock
Confirm with . or Enter, or press ? or * to list all spells.
Aiming: Shock
Press: ? - help, Shift-Dir - straight line, f/p - orc warrior
Aim: an orc warrior, wielding a flail and wearing a plate armour (heavily wounded)
The zap hits the orc warrior.
The orc warrior is severely wounded.
The zap hits the yak.
The yak is severely wounded.
The zap hits the giant frog.
The giant frog is almost dead.
The zap hits the wight.
The wight is moderately damaged.
The orc warrior hits you with a flail!
You die... ▓▓▓▓▓▓▓▓▓▓▓▓▓▓▓▓▓▓▓▓▓▓▓▓ ..)zFYo@.[[[)...'_______ ▓▓▓▓▓▓▓▓▓▓▓▓▓▓▓▓▓▓▓▓▓▓▓▓

You could see a yak, an orc warrior, a giant frog and a wight.

Vanquished Creatures
  A quasit (D)
  A hound (D)
  A jelly (D)
  An orc wizard (D)
  An adder (D)
  An orc (D)
  A bat zombie (D)
  A goblin (D)
  A kobold (D)
  A bat (D)
  2 rats (D)
12 creatures vanquished.

Notes
Turn   | Place    | Note
--------------------------------------------------------------
     0 | D        | Ordine the Octopode Air Elementalist began the quest for the Orb.
     0 | D        | Reached XP level 1. HP: 11/11 MP: 3/3
    43 | D        | Noticed a quasit
    43 | D        | Noticed a hound
    44 | D        | Reached skill level 4 in Air Magic
    44 | D        | Reached XP level 2. HP: 17/17 MP: 3/5
    50 | D        | Killed a hound
    50 | D        | Reached skill level 5 in Air Magic
    50 | D        | Reached XP level 3. HP: 13/21 MP: 3/6
    59 | D        | Killed a quasit
    59 | D        | Reached skill level 5 in Conjurations
    59 | D        | Reached skill level 6 in Air Magic
    59 | D        | Reached XP level 4. HP: 2/27 MP: 1/7
   612 | D        | Found a glowing silver altar of Zin.
   612 | D        | Found a glowing golden altar of the Shining One.
   612 | D        | Found an ancient bone altar of Kikubaaqudgha.
   612 | D        | Found a basalt altar of Yredelemnul.
   612 | D        | Found a shimmering altar of Xom.
   612 | D        | Found a radiant altar of Vehumet.
   613 | D        | Found an iron altar of Okawaru.
   614 | D        | Found a burning altar of Makhleb.
   615 | D        | Found a deep blue altar of Sif Muna.
   616 | D        | Found a bloodstained altar of Trog.
   617 | D        | Found a sparkling altar of Nemelex Xobeh.
   618 | D        | Found a white marble altar of Elyvilon.
   619 | D        | Found a roughly hewn altar of Beogh.
   620 | D        | Became a worshipper of Vehumet
   621 | D        | Found a viscous altar of Jiyva.
   622 | D        | Found a corrupted altar of Lugonu.
   623 | D        | Found a blossoming altar of Fedhas.
   624 | D        | Found a snail-covered altar of Cheibriados.
   625 | D        | Found a shadowy altar of Dithmenos.
   626 | D        | Found a stormy altar of Qazlal.
   627 | D        | Found an opulent altar of Gozag.
   628 | D        | Found a sacrificial altar of Ru.
   656 | D        | Noticed a wight
   656 | D        | Noticed an orc wizard
   656 | D        | Noticed a giant frog
   656 | D        | Noticed a yak
   656 | D        | Noticed a jelly
   656 | D        | Noticed an orc warrior
   658 | D        | Killed an orc wizard
   658 | D        | Reached skill level 7 in Air Magic
   659 | D        | Killed a jelly
   659 | D        | Reached XP level 5. HP: 20/31 MP: 4/8
   661 | D        | Mangled by an orc warrior

Vault maps used:
D:        linesprint

Action                   |  1- 3 |  4- 6 || total
-------------------------+-------+-------++-------
Melee: Unarmed           |     5 |       ||     5
 Cast: Shock             |    10 |     5 ||    15
  Use: Potion            |     2 |       ||     2
